 Dungeon Crawl Stone Soup version 0.15.2 (webtiles) character file.

291 Miyamura the Ducker (level 6, -3/47 HPs)
             Began as a Merfolk Ice Elementalist on Dec 11, 2014.
             Slain by a gnoll
             ... wielding a +0 whip
              (4 damage)
             ... on Level 2 of the Dungeon.
             The game lasted 00:12:23 (3492 turns).

Miyamura the Ducker (Merfolk Ice Elementalist)      Turns: 3492, Time: 00:12:23

HP  -3/47        AC  3     Str 14      XL: 6   Next: 32%
MP  13/13        EV 14     Int 16      God:
Gold 118         SH  0     Dex 15      Spells:  2 memorised,  8 levels left

rFire  . . .     SeeInvis .     n - +2 short sword (elec)
rCold  . . .     Clarity  .     f - +0 robe
rNeg   . . .     rCorr    .     (no shield)
rPois  .         rRot     .     d - +0 helmet
rElec  .         Spirit   .     (no cloak)
SustAb .         Warding  .     (no gloves)
rMut   .         Stasis   .     (no boots)
Gourm  .                        (no amulet)
MR     .....                    o - ring of invisibility
                                l - +6 ring of strength

@: not resistant to hostile enchantments, unstealthy
A: change form in water, swift swim
a: Evoke Invisibility


You were on level 2 of the Dungeon.
You were very hungry.

You visited 1 branch of the dungeon, and saw 3 of its levels.

You collected 118 gold pieces.

Inventory:

Hand weapons
 n - a +2 short sword of electrocution (weapon)
Armour
 d - a +0 helmet (worn)
 f - a +0 robe (worn)
Comestibles
 c - 2 bread rations
 h - 2 meat rations
 j - a beef jerky
 m - a slice of pizza
Jewellery
 l - a +6 ring of strength (left hand)
 o - a ring of invisibility (right hand)
Potions
 a - a potion of brilliance {unknown}
 p - a potion of restore abilities {unknown}
Books
 b - a book of Frost

   Spells                             Type                      Level
   *Freeze                            Ice                          1
   *Throw Frost                       Conjuration/Ice              2
   Ozocubu's Armour                   Charms/Ice                   3
   Throw Icicle                       Conjuration/Ice              4
   Summon Ice Beast                   Ice/Summoning                4
   Condensation Shield                Ice                          4


   Skills:
 + Level 3.2 Fighting
 + Level 4.7 Dodging
 - Level 2.1 Stealth
 + Level 3.4 Spellcasting
 - Level 0.7 Conjurations
 + Level 4.6 Ice Magic


You had 8 spell levels left.
You knew the following spells:

 Your Spells              Type           Power        Failure   Level  Hunger
a - Freeze                Ice            ###.         3%          1    None
b - Throw Frost           Conj/Ice       ##....       10%         2    ##.....


Dungeon Overview and Level Annotations

Branches:
Dungeon (3/15)

Altars:
Makhleb
Qazlal
The Shining One


Message History

It is a scroll of enchant weapon.
Enchant which weapon? (? for menu, Esc to quit)
Your +1 short sword of electrocution glows red for a moment.
The gnoll misses you.
Read which item? (? for menu, Esc to quit)
As you read the scroll labeled TARUHE SUAT, it crumbles to dust.
The scroll dissolves into smoke.
It was a scroll of fog.
The gnoll hits you with a whip.
* * * LOW HITPOINT WARNING * * *
The gnoll completely misses you.
Read which item? (? for menu, Esc to quit)
As you read the scroll labeled SUWUFU TARA, it crumbles to dust.
The creatures around you are filled with an inner flame!
It was a scroll of immolation.
The gnoll misses you. The gnoll misses you.
Read which item? (? for menu, Esc to quit)
Okay, then.
You hit the gnoll.
The gnoll is almost dead.
The gnoll hits you with a whip.
You die...

#.#.###......# #.# #.#..##......#
#.# #.##.##.....(# #.#
#.##.##......######.###
#............##.......#
####.........##..##.#.#
####.....##§#.##...%.#.# ##
#........§#g#.##...#.#.# ##.
#........§g@#.##.....#.# #..
#.#......§###.###...<..# #.^
#.##.....####.# ##.#######.§
#.###....>....####.........^
######........)..)......######.#.
.....###########.######## ##...
####.# ##.## #######.... ####.#
#...# #2#_....)#. #....# #...#
########.#.


You could see 2 gnolls.

Vanquished Creatures
  The ghost of bullock the Ruinous, an average OpWz (D:3)
  5 adders (D:2)
  A worm (D:1)
  A giant gecko (D:1)
  An ooze (D:2)
  4 giant cockroaches
  7 hobgoblins
  9 jackals
  13 kobolds
  A quokka (D:3)
  7 bats (D:2)
  2 giant newts (D:1)
  11 goblins
  6 rats
69 creatures vanquished.

Notes
Turn   | Place    | Note
--------------------------------------------------------------
     0 | D:1      | Miyamura, the Merfolk Ice Elementalist, began the quest for the Orb.
     0 | D:1      | Reached XP level 1. HP: 13/13 MP: 3/3
   277 | D:1      | Reached XP level 2. HP: 20/20 MP: 2/4
   281 | D:1      | Learned a level 2 spell: Throw Frost
   436 | D:1      | Reached skill level 1 in Fighting
   729 | D:1      | Reached XP level 3. HP: 23/26 MP: 4/6
  1493 | D:2      | Reached XP level 4. HP: 24/33 MP: 1/8
  1585 | D:2      | Found a stormy altar of Qazlal.
  1806 | D:2      | Found a glowing golden altar of the Shining One.
  2348 | D:2      | Reached skill level 4 in Ice Magic
  2411 | D:2      | Reached XP level 5. HP: 30/39 MP: 10/10
  2542 | D:2      | Found a burning altar of Makhleb.
  2542 | D:2      | Noticed a cacodemon
  2752 | D:3      | Noticed bullock's ghost (average OpWz)
  3319 | D:3      | Killed bullock's ghost
  3319 | D:3      | Reached XP level 6. HP: 32/47 MP: 0/13
  3490 | D:2      | HP: 1/47 [gnoll/whip (6)]
  3492 | D:2      | Slain by a gnoll

Action                   |  1- 3 |  4- 6 || total
-------------------------+-------+-------++-------
Melee: Club              |    15 |    22 ||    37
       Short sword       |       |    28 ||    28
 Cast: Freeze            |    53 |    64 ||   117
       Throw Frost       |       |     3 ||     3
  Use: Scroll            |       |     4 ||     4
 Stab: Sleeping          |     3 |     1 ||     4
  Eat: Chunk             |     2 |     6 ||     8
